 Dungeon Crawl Stone Soup version 0.31.0-32-g396128a36d (webtiles) character file.

Game seed: 14618019303805928476

80567 warriortoast the Thaumaturge (level 15, -2/81 (82) HPs)
             Began as a Gargoyle Earth Elementalist on Mar 4, 2024.
             Was the Champion of Hepliaklqana.
             Slain by a two-headed ogre
             ... wielding a +0 giant spiked club
              (7 damage)
             ... on level 14 of the Dungeon on Mar 9, 2024.
             The game lasted 03:38:52 (33035 turns).

warriortoast the Thaumaturge (GrEE)                Turns: 33035, Time: 03:38:53

HP:   -2/81 (82)    AC: 20    Str: 17    XL:     15   Next: 67%
MP:   33/33         EV: 16    Int: 22    God:    Hepliaklqana [******]
Gold: 1446          SH:  0    Dex: 12    Spells: 25/43 levels left

rFire   + + +        F - staff of earth
rCold   + . .        (no shield)
rNeg    + . .        X - +3 leather armour of Teteah {rC+ Int+3 SInv Stlth+}
rPois   ∞            (no helmet)
rElec   +            T - +0 cloak
rCorr   .            Y - +0 pair of gloves
SInv    +            (no boots)
Will    +....        k - amulet "Kariyteg" {Faith +Inv rElec rF+++ Str-3}
Stlth   ++++         t - +5 ring of evasion
HPRegen 0.33/turn    r - +6 ring of strength
MPRegen 0.23/turn

%: faith
@: flying, studying Throwing, lightly drained
A: reduced essence, sickness immunity, AC +11, big wings, negative energy
resistance 1, electricity resistance, torment resistance 1, petrification
resistance
a: Renounce Religion, Evoke Invisibility, Recall Ancestor, Ancestor Identity,
Transference, Idealise


You were on level 14 of the Dungeon.
You worshipped Hepliaklqana.
Hepliaklqana was exalted by your worship.
You visited 4 branches of the dungeon, and saw 22 of its levels.
You also visited: Sewer.

You collected 2387 gold pieces.
You spent 941 gold pieces at shops.

Inventory:

Hand Weapons
 D - a +3 long sword of holy wrath
Missiles
 x - 2 throwing nets
Armour
 Q - an orb of light
 T - a +0 cloak (worn)
 X - the +3 leather armour of Teteah (worn) {rC+ Int+3 SInv Stlth+}
   (You took it off an orc on level 5 of the Dungeon)

   Int+3:     It affects your intelligence (+3).
   rC+:       It protects you from cold.
   SInv:      It lets you see invisible.
   Stlth+:    It makes you more stealthy.
 Y - a +0 pair of gloves (worn)
Magical Staves
 F - a staff of earth (weapon)
Jewellery
 g - a +6 ring of intelligence
 k - the amulet "Kariyteg" (around neck) {Faith +Inv rElec rF+++ Str-3}
   (You found it on level 6 of the Dungeon)

   [amulet of faith]

   Faith:     It allows you to gain divine favour quickly.
   Str-3:     It affects your strength (-3).
   rF+++:     It renders you almost immune to fire.
   rElec:     It insulates you from electricity.
   +Inv:      It lets you turn invisible.
 r - a +6 ring of strength (right hand)
 t - a +5 ring of evasion (left hand)
 E - a ring of willpower
 J - a +4 ring of protection
 M - a +6 ring of dexterity
Wands
 d - a wand of mindburst (3)
 u - a wand of polymorph (16)
 v - a wand of flame (3)
 A - a wand of charming (16)
 V - a wand of roots (3)
Scrolls
 a - 2 scrolls of acquirement {unknown}
 c - 5 scrolls of poison
 f - 8 scrolls of teleportation
 i - 4 scrolls of enchant weapon
 m - 2 scrolls of fog
 n - 3 scrolls of noise
 o - 2 scrolls of blinking
 s - 3 scrolls of enchant armour
 w - 2 scrolls of amnesia
 C - 3 scrolls of identify
 H - 2 scrolls of immolation {unknown}
 O - a scroll of silence
 P - 3 scrolls of fear
 S - a scroll of brand weapon {unknown}
 U - 3 scrolls of revelation
Potions
 b - 2 potions of magic
 e - 2 potions of mutation
 h - 3 potions of enlightenment
 j - 2 potions of resistance
 l - 4 potions of berserk rage
 p - 4 potions of brilliance
 z - a potion of invisibility
 G - 2 potions of lignification {unknown}
 I - a potion of heal wounds
 K - 2 potions of cancellation
 L - 9 potions of curing
 N - 2 potions of haste
 R - a potion of might
 W - a potion of attraction
Miscellaneous
 q - a phantom mirror
 y - a condenser vane
 B - a sack of spiders


   Skills:
 - Level 10.0 Fighting
 - Level 5.0 Armour
 - Level 1.5 Dodging
 - Level 7.0 Stealth
 + Level 14.9 Spellcasting
 - Level 10.0 Conjurations
 - Level 10.0 Earth Magic
 - Level 5.0 Alchemy
 + Level 6.4 Invocations
 - Level 12.0 Evocations


You had 25 spell levels left.
You knew the following spells:

 Your Spells              Type           Power      Damage    Failure   Level
a - Sandblast             Erth           100%       2d20      1%          1
b - Stone Arrow           Conj/Erth      100%       3d13      1%          3
c - Passwall              Erth           74%        N/A       1%          3
d - Brom's Barrelling Bo  Conj/Erth      74%        2d9       1%          4
e - Petrify               Alch/Erth      65%        N/A       1%          4
f - Hailstorm             Conj/Ice       38%        3d9       1%          3

Your spell library contained the following spells:

 Spells                   Type           Power      Damage    Failure   Level
 Leda's Liquefaction      Alch/Erth      32%        N/A       1%          4
 Apportation              Tloc           32%        N/A       4%          1
 Irradiate                Conj/Alch      24%        3d19      5%          5
 Ensorcelled Hibernation  Hex/Ice        32%        N/A       7%          2
 Jinxbite                 Hex            32%        N/A       7%          2
 Frozen Ramparts          Ice            32%        1d5       13%         3
 Fugue of the Fallen      Necr           16%        N/A       13%         3
 Inner Flame              Hex/Fire       16%        N/A       13%         3
 Summon Ice Beast         Ice/Summ       16%        N/A       13%         3
 Teleport Other           Tloc           16%        N/A       13%         3
 Alistair's Intoxication  Alch           25%        N/A       16%         5
 Airstrike                Air            8%         2d(2-18)  41%         4
 Anguish                  Hex/Necr       8%         N/A       41%         4
 Dispel Undead            Necr           16%        3d10      41%         4
 Manifold Assault         Tloc           16%        N/A       41%         4
 Martyr's Knell           Necr/Summ      16%        N/A       41%         4
 Yara's Violent Unravell  Hex/Alch       13%        3d7       41%         5
 Conjure Ball Lightning   Conj/Air       19%        3x3d6     65%         6
 Metabolic Englaciation   Hex/Ice        8%         N/A       77%         5
 Sculpt Simulacrum        Ice/Alch       13%        N/A       94%         6
 Death Channel            Necr           8%         N/A       100%        6
 Dispersal                Tloc           8%         N/A       100%        6
 Enfeeble                 Hex            8%         N/A       100%        7
 Discord                  Hex            8%         N/A       100%        8
 Disjunction              Tloc           8%         N/A       100%        8
 Ignition                 Fire           8%         3d5       100%        8
 Cigotuvi's Dreadful Rot  Necr/Alch/Air  Unusable   N/A       N/A         2

Dungeon Overview and Level Annotations

Branches:
Dungeon (14/15) Temple (1/1) D:4 Lair (5/5) D:10 Swamp (0/4) Lair:3 Snake (0/4) Lair:2 Slime (0/5) Lair:5 Orc (2/2) D:11 Elf (0/3) Orc:2 Vaults (0/5) D:13 D:14 Sewer (visited)

Altars:
Ashenzari
Cheibriados
Dithmenos
Elyvilon
Fedhas
Gozag
Hepliaklqana
Kikubaaqudgha
Makhleb
Nemelex Xobeh
Okawaru
Qazlal
Ru
Sif Muna
Trog
Uskayaw
Vehumet
Wu Jian
Xom
Yredelemnul
Zin
The Shining One

Shops:
D:4 *   D:8 (   D:9 ?[*!*   D:13 *   Orc:2 [![((

Portals:
Hell: Lair:5

Annotations:
Temple 2 transporters


Innate Abilities, Weirdness & Mutations

Your life essence is reduced to manifest your ancestor. (-10% HP)
You are immune to sickness and miasma.
Your stone body is resilient. (AC +11)
You are immune to poison.
Your large and strong wings let you fly.
You resist negative energy. (rN+)
You are resistant to electric shocks. (rElec)
You are resistant to unholy torment.
You are immune to petrification.


Message History

Nhalahla burns the human.
The human closely misses you. x2
Unknown command.
You feel a surge of power!
The blast of sand hits the human!!
You kill the human!
The human misses you.
Nhalahla closely misses the human.
The human misses you.
You feel a surge of power!
The blast of sand hits the human!!
The human is almost dead.
Nhalahla hits the human with a +0 broad axe of flaming!
Nhalahla burns the human.
The human dies!
You can't see any susceptible monsters within range! (Use Z to cast anyway.)
You can't see any susceptible monsters within range! (Use Z to cast anyway.)
You start resting.
HP restored.
You start resting.
Magic restored.
You fly downwards.
The centaur warrior shoots an arrow.
The arrow closely misses you.
The arrow hits the human!!
The centaur warrior shoots an arrow.
The arrow hits you!
The centaur warrior simulacrum misses you.
The centaur warrior simulacrum completely misses you.
The human completely misses you. The two-headed ogre barely misses you.
The two-headed ogre hits you with a +0 giant spiked club!
The human hits you but does no damage. x2; The centaur warrior shoots an arrow.
The arrow hits you!!
The centaur warrior simulacrum hits you.
* * * LOW HITPOINT WARNING * * *
The centaur warrior simulacrum freezes you.
You resist.
* * * LOW HITPOINT WARNING * * *
The centaur warrior simulacrum closely misses you.
There is a stone staircase leading up here.
The human misses you. The human completely misses you.
The human closely misses you.
The centaur warrior shoots an arrow.
The arrow hits you.
* * * LOW HITPOINT WARNING * * *
The meliai mumbles some strange prayers to its god against you.
Something smites you!
* * * LOW HITPOINT WARNING * * *
The two-headed ogre hits you with a +0 giant spiked club!
You die...

#...........y ..
#.y#........#
#.######....##.#####
#.........y....#
#..$........$...
#........c....#
..............#
......p∩<.....#
.....ZO@R.....#
......ppp.....#
................
...$........$)##
..............#
#.............#
........####...
...##...# ...


You could see the friendly Nhalahla the knight, a centaur warrior, a two-headed
ogre (ally target), 4 humans, 2 meliai and a centaur warrior simulacrum.

Vanquished Creatures
  Kirke (Lair:4)
  A frost giant (D:11)
  An eleionoma (Lair:3)
  Nessos (Lair:4)
  A centaur warrior (D:14)
  2 hydras
  A two-headed ogre (D:7)
  11 death yaks
  2 orc high priests (Orc:2)
  A sun demon (Lair:5)
  2 cyclopes
  2 orc knights (Orc:2)
  An oklob plant (Lair:4)
  3 orc sorcerers (Orc:2)
  5 elephants
  2 manticores (D:11)
  4 kobold blastminers
  A salamander (Lair:2)
  An ugly thing (D:13)
  2 meliai
  A cane toad (shapeshifter) (D:13)
  6 cane toads
  3 black mambas
  7 komodo dragons
  3 kobold demonologists
  2 rime drakes (Lair:5)
  An unseen horror (D:11)
  9 trolls
  A red devil (Lair:5)
  A hellwing (Lair:5)
  3 polar bears
  A hornet (D:8)
  8 blink frogs
  4 dream sheep (Lair:5)
  5 slime creatures
  A wraith (D:13)
  3 shadows
  8 wyverns
  39 yaks
  6 humans (D:13)
  A vampire (D:11)
  3 steam dragons
  5 basilisks
  10 vampire mosquitoes
  2 wargs (Orc:2)
  3 nagas (Lair:2)
  12 water moccasins
  3 acid dragons
  A hell hound (Lair:5)
  2 ice beasts
  2 black bears (Lair:1)
  A sky beast (D:6)
  24 orc warriors
  7 ogres
  16 wolves
  6 centaurs
  A boggart (D:7)
  A centaur (shapeshifter) (D:13)
  A phantom (D:6)
  5 kobold brigands
  19 bullfrogs
  A gnoll sergeant (D:9)
  4 scorpions
  3 wights (D:6)
  A killer bee (D:9)
  2 howler monkeys
  4 electric eels
  2 bombardier beetles
  3 jellies
  2 gnoll boudas
  15 orc priests
  A centaur skeleton (D:5)
  6 hounds
  2 sleepcaps
  4 iguanas
  Natasha (thrice) (D:3)
  14 orc wizards
  8 hell rats
  11 gnolls
  7 adders
  2 shadow imps
  A white imp (D:5)
  2 ufetubi (D:6)
  A ribbon worm (D:4)
  78 orcs
  8 endoplasms
  5 giant cockroaches
  7 hobgoblins
  3 jackals (D:1)
  27 kobolds
  5 quokkas
  4 ball pythons
  5 bats
  6 frilled lizards
  4 goblins
  5 rats
538 creatures vanquished.

Vanquished Creatures (collateral kills)
  2 orc warlords (Orc:2)
  A dire elephant (Lair:5)
  Snorg (D:13)
  An ettin (Orc:1)
  3 hydras
  A boulder beetle (D:12)
  A death yak (Lair:1)
  2 two-headed ogres
  A centaur warrior (D:13)
  An occultist (Lair:5)
  A deep elf knight (D:11)
  A skyshark (Lair:5)
  2 orc sorcerers
  A manticore (D:11)
  A meliai (D:13)
  A black mamba (Lair:1)
  A kobold blastminer (Orc:2)
  An orange demon (Lair:5)
  3 cane toads
  A gargoyle (D:12)
  An unseen horror (D:11)
  A rime drake (Lair:5)
  2 komodo dragons
  2 red devils (Lair:5)
  2 ice devils (Lair:5)
  A polar bear (Lair:5)
  A troll (D:10)
  A blink frog (Lair:5)
  3 dream sheep (Lair:5)
  4 slime creatures
  2 wraiths
  The ghost of middlethird the Magician, an amateur VSCj (D:5)
  A vampire (D:13)
  6 humans (D:13)
  6 yaks
  A hog (Lair:4)
  A warg (D:11)
  A basilisk (Lair:5)
  A steam dragon (D:7)
  4 vampire mosquitoes
  An acid dragon (D:10)
  5 water moccasins
  2 hell hounds (Lair:5)
  9 orc warriors
  A sky beast (D:6)
  An ogre (Orc:1)
  An ice beast (D:6)
  3 wolves
  A boggart (D:7)
  2 kobold brigands (D:11)
  A phantom (D:5)
  4 bullfrogs
  2 gnoll sergeants
  A scorpion (D:6)
  A water moccasin zombie (D:5)
  A wight (D:6)
  A howler monkey (D:6)
  An electric eel (D:10)
  5 orc priests
  10 orc wizards
  5 hell rats
  2 gnolls
  4 adders (D:6)
  A white imp (D:6)
  33 orcs
  3 endoplasms (Lair:5)
  9 kobolds
  A bat (D:13)
  6 boulders
  3 butterflies
189 creatures vanquished.

Vanquished Creatures (others)
  18 knights
  8 boulders (D:11)
26 creatures vanquished.

Grand Total: 753 creatures vanquished

Notes
Turn   | Place    | Note
-------+----------+-------------------------------------------
     0 | D:1      | warriortoast the Gargoyle Earth Elementalist began the
                  | quest for the Orb.
     0 | D:1      | Reached XP level 1. HP: 10/10 MP: 3/3
   359 | D:1      | Reached XP level 2. HP: 15/15 MP: 3/5
   878 | D:2      | Reached XP level 3. HP: 18/19 MP: 2/6
  1413 | D:3      | Noticed Natasha
  1415 | D:3      | Killed Natasha
  1416 | D:3      | Reached XP level 4. HP: 24/24 MP: 5/8
  1823 | D:3      | Reached skill level 3 in Spellcasting
  1827 | D:2      | Reached XP level 5. HP: 28/28 MP: 4/9
  1910 | D:3      | Noticed Natasha
  1919 | D:3      | Killed Natasha
  1923 | D:3      | Noticed Natasha
  1944 | D:3      | Killed Natasha
  2059 | D:3      | Found a white marble altar of Elyvilon.
  2252 | D:3      | Reached skill level 5 in Earth Magic
  2414 | D:3      | Identified the +1 ring mail "Paozu" {rElec}
  2513 | D:4      | Noticed a black bear
  2751 | D:4      | Found a sacrificial altar of Ru.
  2805 | D:4      | Reached XP level 6. HP: 27/32 MP: 5/11
  2855 | D:4      | Found a sparkling altar of Nemelex Xobeh.
  2903 | D:4      | a black bear changed into an ice beast
  2903 | D:4      | Noticed an ice beast
  3071 | D:4      | Found a staircase to the Ecumenical Temple.
  3084 | Temple   | Found a transporter.
  3084 | Temple   | Found a transporter.
  3084 | Temple   | Found a transporter.
  3084 | Temple   | Found a transporter.
  3084 | Temple   | Entered the Ecumenical Temple
  3105 | Temple   | Became a worshipper of Hepliaklqana the Forgotten
  3145 | D:4      | Found an opulent altar of Gozag.
  3222 | D:3      | Learned a level 3 spell: Stone Arrow
  3236 | D:3      | Killed an ice beast
  3503 | D:4      | Found Gozag's Platinum Reserve.
  3663 | D:5      | Entered Level 5 of the Dungeon
  3908 | D:5      | Found a transporter.
  3965 | D:5      | Found a transporter.
  3972 | D:5      | Reached XP level 7. HP: 36/36 MP: 8/12
  3973 | D:5      | Reached skill level 4 in Spellcasting
  4021 | D:5      | Noticed middlethird's ghost (amateur VSCj)
  4441 | D:5      | Reached * piety under Hepliaklqana
  4479 | D:5      | Identified the +3 leather armour of Teteah {rC+ Int+3 SInv
                  | Stlth+}
  4777 | D:5      | Reached skill level 5 in Conjurations
  5000 | D:5      | Learned a level 3 spell: Passwall
  5119 | D:6      | Reached XP level 8. HP: 36/36 MP: 10/15
  5132 | D:6      | Reached skill level 5 in Spellcasting
  5136 | D:6      | Found a glowing drain.
  5138 | D:6      | Identified the amulet "Kariyteg" {Faith +Inv rElec rF+++
                  | Str-3}
  5163 | Sewer    | Entered a sewer
  5525 | Sewer    | Reached ** piety under Hepliaklqana
  5528 | Sewer    | Remembered your ancestor Nhalahla as a knight
  5834 | D:6      | Reached skill level 6 in Spellcasting
  5841 | D:6      | Learned a level 4 spell: Brom's Barrelling Boulder
  5846 | D:6      | Learned a level 4 spell: Petrify
  5887 | D:6      | Reached XP level 9. HP: 30/41 MP: 11/18
  5969 | D:6      | Reached skill level 1 in Fighting
  6029 | D:6      | Reached skill level 1 in Alchemy
  6305 | D:6      | Reached skill level 5 in Stealth
  6602 | D:7      | Found a shadowy altar of Dithmenos.
  6677 | D:7      | Noticed a troll
  6683 | D:7      | Killed a troll
  6684 | D:7      | Reached XP level 10. HP: 50/50 MP: 13/20
  6699 | D:7      | Noticed a two-headed ogre
  6701 | D:7      | Noticed a two-headed ogre
  6705 | D:7      | Killed a two-headed ogre
  6706 | D:7      | Reached skill level 7 in Spellcasting
  7015 | D:7      | Found an iron altar of Okawaru.
  7042 | D:7      | Killed a two-headed ogre
  7043 | D:7      | Reached skill level 1 in Evocations
  7172 | D:7      | Reached skill level 5 in Fighting
  7549 | D:8      | Reached *** piety under Hepliaklqana
  7596 | D:8      | Reached skill level 10 in Earth Magic
  7752 | D:8      | Found a glowing silver altar of Zin.
  7768 | D:8      | Identified the +1 robe of Icra {-Cast Regen+ Slay+2}
  7815 | D:8      | Found a basalt altar of Yredelemnul.
  8094 | D:8      | Found Mannudd's Weapon Shoppe.
  8210 | D:8      | Reached skill level 8 in Spellcasting
  8210 | D:8      | Reached XP level 11. HP: 51/57 MP: 4/23
  8312 | D:9      | Found Doigath's Assorted Antiques.
  8318 | D:9      | Bought a viscous red potion for 28 gold pieces
  8318 | D:9      | Bought a scroll labelled XEIDIPPUIWE for 32 gold pieces
  8350 | D:9      | Reached **** piety under Hepliaklqana
  8362 | D:9      | Found Filed's Sacrilege Store.
  8594 | D:9      | Got the Handbook of the Tesseract and Haze
  8737 | D:9      | Found Zenejubb's Distillery.
  8745 | D:9      | Bought a potion of might for 56 gold pieces
  8745 | D:9      | Bought a potion of mutation for 112 gold pieces
  8745 | D:9      | Bought a potion of cancellation for 112 gold pieces
  8864 | D:9      | Found a radiant altar of Vehumet.
  8919 | D:9      | Found Gaj Geytu's Magic Scroll Emporium.
  8927 | D:9      | Bought a scroll of blinking for 105 gold pieces
  8927 | D:9      | Bought a scroll of silence for 133 gold pieces
  8927 | D:9      | Bought a scroll of fear for 56 gold pieces
  8973 | D:9      | Found Niqurej's Armour Shoppe.
  9412 | D:10     | Entered Level 10 of the Dungeon
  9564 | D:10     | Noticed a four-headed hydra
  9573 | D:10     | Killed a four-headed hydra
  9574 | D:10     | Reached skill level 5 in Alchemy
  9676 | D:10     | Reached ***** piety under Hepliaklqana
  9910 | D:10     | Found a staircase to the Lair.
 10539 | Lair:1   | Entered Level 1 of the Lair of Beasts
 10619 | D:10     | Reached skill level 5 in Evocations
 10695 | D:10     | Reached skill level 9 in Spellcasting
 11053 | Lair:1   | Noticed a death yak
 11147 | Lair:1   | Noticed a death yak
 11147 | Lair:1   | Noticed a death yak
 11147 | Lair:1   | Noticed a death yak
 11147 | Lair:1   | Noticed a death yak
 11147 | Lair:1   | Noticed a death yak
 11160 | Lair:1   | Killed a death yak
 11168 | Lair:1   | Killed a death yak
 11169 | Lair:1   | Reached XP level 12. HP: 67/67 MP: 8/25
 11178 | Lair:1   | Killed a death yak
 11416 | Lair:1   | Reached skill level 10 in Spellcasting
 12102 | Lair:2   | Reached skill level 10 in Fighting
 12137 | Lair:2   | Reached skill level 1 in Armour
 13798 | Lair:2   | Found a staircase to the Snake Pit.
 14164 | Lair:3   | Reached skill level 5 in Armour
 14167 | Lair:3   | Noticed an eight-headed hydra
 14180 | Lair:3   | Killed an eight-headed hydra
 14367 | Lair:3   | Reached XP level 13. HP: 73/73 MP: 24/27
 14437 | Lair:3   | Reached skill level 10 in Conjurations
 16131 | Lair:3   | Reached ****** piety under Hepliaklqana
 16139 | Lair:3   | Found a staircase to the Swamp.
 16139 | Lair:3   | Noticed an eleionoma
 17069 | Lair:4   | Noticed Nessos
 18570 | Lair:4   | Reached skill level 11 in Spellcasting
 18809 | Lair:4   | Killed Nessos
 18995 | Lair:5   | Entered Level 5 of the Lair of Beasts
 19057 | Lair:5   | Noticed Kirke
 19323 | Lair:4   | Killed Kirke
 19324 | Lair:4   | Reached skill level 10 in Evocations
 19584 | Lair:5   | Gained mutation: Your large and strong wings let you fly.
                  | [Gargoyle growth]
 19584 | Lair:5   | Reached XP level 14. HP: 79/79 MP: 11/29
 20153 | Lair:5   | Noticed a dire elephant
 20286 | Lair:5   | Found a staircase to the Slime Pits.
 20609 | D:5      | Killed middlethird's ghost
 20827 | Lair:3   | Killed an eleionoma
 20828 | Lair:3   | Reached skill level 12 in Spellcasting
 22082 | D:11     | Found a staircase to the Orcish Mines.
 22276 | D:11     | Learned a level 3 spell: Hailstorm
 22584 | D:11     | Noticed a frost giant
 22965 | D:11     | Killed a frost giant
 23328 | Orc:1    | Entered Level 1 of the Orcish Mines
 23900 | Orc:2    | Entered Level 2 of the Orcish Mines
 23999 | D:9      | Bought a scroll of teleportation for 42 gold pieces
 23999 | D:9      | Bought a scroll of teleportation for 42 gold pieces
 23999 | D:9      | Bought a scroll of revelation for 105 gold pieces
 23999 | D:9      | Bought a scroll of revelation for 105 gold pieces
 24054 | D:11     | Reached skill level 13 in Spellcasting
 24114 | Orc:2    | Found a staircase to the Elven Halls.
 24783 | Orc:2    | Found Vaamn's Distillery.
 25169 | Orc:2    | Bought a potion of degeneration for 13 gold pieces
 25559 | Orc:2    | Found Feduiq Pogu's Armour Shop.
 25699 | Orc:1    | Noticed an orc warlord
 25887 | Orc:2    | Killed an orc warlord
 26719 | Orc:2    | Found Loyta's Weapon Boutique.
 27031 | Orc:2    | Reached skill level 14 in Spellcasting
 27085 | Orc:2    | Reached XP level 15. HP: 80/82 MP: 19/33
 27425 | Orc:1    | Reached skill level 1 in Invocations
 28091 | Orc:2    | Noticed an orc warlord
 28105 | Orc:2    | Killed an orc warlord
 28280 | Orc:2    | Found Noezoil's Antique Armour Boutique.
 28284 | Orc:2    | Found Cuppaice's Antique Weapon Shop.
 28806 | Lair:1   | Upgraded the game from 0.31.0-12-g77e489cdc1 to
                  | 0.31.0-32-g396128a36d
 29714 | Lair:5   | Found a burning altar of Makhleb.
 30153 | Lair:5   | Found a gateway to Hell.
 31471 | D:13     | Reached skill level 5 in Invocations
 31624 | D:13     | Identified the +0 plate armour "Buopran" {rN+}
 31878 | D:13     | Noticed Snorg
 31892 | D:13     | Killed Snorg
 32125 | D:13     | Found Inucheq's Blood Bar.
 32893 | D:14     | Found a gate to the Vaults.
 33035 | D:14     | Slain by a two-headed ogre

Illustrated notes

Levels and vault maps discovered:
D:1:      lightli_arrival_farm, layout_basic
D:2:      layout_basic, minmay_heptomino_d4
D:3:      layout_loops_ring, old_standard_altar, kennysheep_big_empty_room,
          uniq_natasha
D:4:      layout_cave_pools, nicolae_gozag_zags_fifth_avenue,
          amcnicky_altar_gilded, nicolae_ru_sacrificial_ziggurat,
          minmay_temple_entry_crystal_x
D:5:      layout_loops_corners, gammafunk_ghost_mausoleum
D:6:      layout_rooms, gup_sewer_entry_glass, nzn_random_ring
D:7:      layout_cave_pools, lemuel_crystal_altar,
          nicolae_dithmenos_through_a_glass_darkly, nicolae_phantomly_mirrored
D:8:      layout_cave_pools, mainiacjoe_overflow_brackets,
          nicolae_overflow_crystal_walls, serial_shops,
          nicolae_shop_bloodbath_and_beyond, minmay_diced_spiral
D:9:      minmay_recursive_quarters, layout_basic, nicolae_vehumet_radiance,
          serial_shops, shop, nicolae_shop_rolling_square,
          nicolae_shop_peninsula, nicolae_shop_crystal, nicolae_evil_shop
D:10:     layout_loops_ring, erik_lair_island, kennysheep_decorative_pillar
D:11:     nzn_winding_woodlands_cross [nzn_winding_woodlands_5x15_eye,
          nzn_winding_woodlands_5x15_cabin, nzn_winding_woodlands_5x15_parted,
          nzn_winding_woodlands_5x15_split_checker,
          nzn_winding_woodlands_15x15_boxy_spiral], layout_loops_ring,
          erik_orc_3
D:12:     layout_rooms
D:13:     layout_small_grid, guppyfry_shop_blood, uniq_snorg
D:14:     layout_rooms, david_vaults_3, serial_library_hellmonk_hallway_a
Temple:   hellmonk_temple_divided_pantheon
Lair:1:   layout_loops_ring, grunt_megastairs_5
Lair:2:   layout_regular_city, alex1729_snake_entry_snake,
          nicolae_quartered_pool_little, serial_bayou_crossing,
          lemuel_fruit_tree
Lair:3:   layout_regular_city, alex1729_swamp_entry_worm_eleionoma,
          lemuel_fruit_fields
Lair:4:   layout_gridlike, uniq_nessos
Lair:5:   evil_forest, layout_loops_ring, slime_entry_2,
          eino_small_chamber_without_monster, lemuel_fruit_fields,
          infiniplex_staircase_pool, uniq_kirke
Orc:1:    layout_diamond_mine
Orc:2:    grunt_orc_community_town_hall, layout_caves,
          grunt_orc_community_big_house_2, grunt_orc_community_big_house_1,
          grunt_orc_community_house_3, grunt_orc_community_house_3,
          grunt_orc_community_house_1, grunt_orc_community_house_2,
          serial_shops, shop, basic_altar, hangedman_feature_mirror

Skill      XL: |  1  2  3  4  5  6  7  8  9 10 11 12 13 14 15 |
---------------+----------------------------------------------+-----
Earth Magic    | 4 5 6 8 9 10 | 10.0
Conjurations   | 2 3 4 5 6 7 8 9 10 | 10.0
Spellcasting   | 3 4 6 8 9 10 11 14 | 14.9
Stealth        | 3 5 7 |  7.0
Fighting       | 3 5 8 10 | 10.0
Alchemy        | 2 4 5 |  5.0
Evocations     | 2 5 6 10 12 | 12.0
Armour         | 5 |  5.0
Invocations    | 6 |  6.4
Dodging        | |  1.5

Action                     |  1- 3 |  4- 6 |  7- 9 | 10-12 | 13-15 || total
---------------------------+-------+-------+-------+-------+-------++-------
  Melee: Lajatang          |       |     2 |       |       |       ||     2
         Unarmed           |       |    20 |       |       |       ||    20
         Staff             |       |       |     5 |       |    12 ||    17
   Cast: Sandblast         |    39 |    72 |   114 |   211 |   561 ||   997
         Stone Arrow       |       |     3 |    24 |   119 |   182 ||   328
         Brom's Barrelling |       |       |     1 |     3 |    16 ||    20
         Petrify           |       |       |       |     6 |    68 ||    74
         Hailstorm         |       |       |       |       |     2 ||     2
 Invoke: Ancestor Life: Kn |       |       |     1 |       |       ||     1
         Recall Ancestor   |       |       |       |     6 |    25 ||    31
         Transference      |       |       |       |       |     6 ||     6
         Idealise          |       |       |       |       |     2 ||     2
Ability: Evoke Invisibilit |       |       |       |       |     1 ||     1
  Evoke: Wand              |       |    11 |       |    19 |    31 ||    61
         Phantom mirror    |       |       |       |     1 |     1 ||     2
         Sack of spiders   |       |       |       |       |     1 ||     1
         Condenser vane    |       |       |       |       |     1 ||     1
    Use: Scroll            |       |     7 |     5 |     8 |     8 ||    28
         Potion            |       |     2 |       |     4 |     5 ||    11
 Armour: Robe              |     9 |    30 |    34 |    48 |       ||   121
         Skin              |       |     9 |       |       |       ||     9
         Leather armour    |       |       |       |    55 |   288 ||   343
  Dodge: Dodged            |     7 |    58 |    42 |   112 |   324 ||   543
